 Dungeon Crawl Stone Soup version 0.18.1-47-g9310371 (webtiles) character file.

21 Lenchen the Skirmisher (level 2, -1/24 HPs)
             Began as a Demonspawn Abyssal Knight on June 16, 2016.
             Was a Follower of Lugonu.
             Slain by an adder (5 damage)
             ... on level 3 of the Dungeon.
             The game lasted 00:04:12 (976 turns).

Lenchen the Skirmisher (Demonspawn Abyssal Knight)   Turns: 976, Time: 00:04:13

Health: -1/24      AC:  3    Str: 12    XL:     2   Next: 62%
Magic:  4/4        EV: 11    Int: 13    God:    Lugonu [*.....]
Gold:   112        SH:  0    Dex: 12    Spells: 0 memorised, 1 level left

rFire  . . .     SeeInvis .     a - +1 hand axe
rCold  . . .     Gourm    .     b - +0 leather armour
rNeg   . . .     Faith    .     (no shield)
rPois  .         Spirit   .     (no helmet)
rElec  .         Dismiss  .     (no cloak)
rCorr  .         Reflect  .     (no gloves)
SustAt .         Harm     .     (no boots)
MR     .....                    (no amulet)
Stlth  +.........               (no ring)
                                (no ring)

@: not resistant to hostile enchantments, very unstealthy
A: claws 1
a: Depart the Abyss, Renounce Religion


You were on level 3 of the Dungeon.
You worshipped Lugonu.
Lugonu was aware of your devotion.
You were not hungry.

You visited 1 branch of the dungeon, and saw 3 of its levels.
You visited the Abyss 1 time.

You collected 112 gold pieces.

Inventory:

Hand Weapons
 a - a +1 hand axe (weapon)
Missiles
 j - 25 arrows
Armour
 b - a +0 leather armour (worn)
Scrolls
 d - 2 scrolls of fog {unknown}
 g - 2 scrolls of teleportation {unknown}
 h - 2 scrolls of remove curse {unknown}
 i - a scroll of enchant weapon {unknown}
Potions
 e - a potion of haste {unknown}
 f - a potion of degeneration {unknown}
Comestibles
 c - a bread ration


   Skills:
 + Level 3.2 Fighting
 + Level 1.9 Axes
 + Level 2.2 Armour
 - Level 0.8 Dodging
 + Level 3.0 Invocations


You had one spell level left.
You didn't know any spells.

Dungeon Overview and Level Annotations

Branches:
Dungeon (3/15)

Altars:

Annotations:
D:2 Jessica, Sigmund


Innate Abilities, Weirdness & Mutations

You have sharp fingernails.


Message History

You start resting.
HP restored.
A worm comes into view.
The worm bites you!
You hit the worm but do no damage. You completely miss the worm.
The worm bites you!
You barely miss the worm. The worm bites you!
* * * LOW HITPOINT WARNING * * *
Found a spear.
An adder comes into view.
You hit the adder.
The adder is lightly wounded.
The adder barely misses you. The adder closely misses you.
You hit the adder.
The adder is lightly wounded.
The adder barely misses you. x2
You hit the adder.
The adder is moderately wounded.
The adder bites you.
You die...

#. #. ##.......# ..
.........# #.
#.......# #.
.......# #. ).....##
#.## #.....
#..#####..######
##.......w...@..#
#.##.....####.###S.#
#.............# ..#
####.....###### ..#
##...<# ..# ##.#.#
... #.#.# #.#. #.#..
.## #.####


You could see a worm and an adder.

Vanquished Creatures
  2 giant geckos (D:1)
  2 bats (D:1)
  A giant cockroach (D:3)
  A goblin (D:1)
  A hobgoblin (D:1)
  4 jackals (D:1)
  A quokka (D:2)
  A kobold (D:1)
  4 rats (D:1)
17 creatures vanquished.

Notes
Turn   | Place    | Note
--------------------------------------------------------------
     0 | Abyss:1  | Lenchen the Demonspawn Abyssal Knight began the quest for the Orb.
     0 | Abyss:1  | Reached XP level 1. HP: 18/18 MP: 2/2
   104 | Abyss:2  | Found a corrupted altar of Lugonu.
   133 | Abyss:2  | Noticed an eye of draining
   133 | Abyss:2  | Noticed a golden dragon skeleton
   154 | Abyss:2  | Noticed a large abomination
   184 | Abyss:2  | Noticed a black bear
   191 | Abyss:2  | Noticed a basilisk
   191 | Abyss:2  | a black bear changed into a basilisk
   199 | D:1      | Escaped the Abyss
   471 | D:1      | Gained mutation: You have sharp fingernails. [demonic ancestry]
   471 | D:1      | Reached XP level 2. HP: 24/24 MP: 4/4
   614 | D:1      | Reached * piety under Lugonu
   836 | D:2      | Noticed Jessica
   838 | D:2      | Noticed Sigmund
   976 | D:3      | Slain by an adder

Skill      XL: |  1  2 |
---------------+-------+-----
Armour         | 2 |  2.2
Invocations    | 3 |  3.0
Fighting       | |  3.2
Axes           | |  1.9
Dodging        | |  0.8

Action                   || total
-------------------------++-------
Melee: Hand axe          ||    65
Invok: Depart the Abyss  ||     1
Armor: Leather armour    ||    28
Dodge: Dodged            ||    49
